Map: Ruins of Endion

Players

Miszu - Winner!

  • Race: Protoss Protoss
  • League: Grandmaster

Jombozeus

  • Race: Terran Terran
  • League: Grandmaster

VOD

Have the link to the VOD?

Description

Time

  • Played on: April 8, 2016, 5:05 p.m.
  • Length: 10:03
Show
View Real Time Build Order
Export as new Build Order

Miszu Protoss - Winner!

Build Orders: 1 Gate Expand, Blink Stalkers 

Get SALT Encoding   

  12  0:01  Probe (Chrono Boost)  
  13  0:11  Probe (Chrono Boost)  
  14  0:19  Pylon  
  14  0:22  Probe (Chrono Boost)  
  15  0:37  Probe (Chrono Boost)  
  15  0:42  Gateway  
  16  0:48  Probe (Chrono Boost)  
  17  0:58  Probe (Chrono Boost)  
  18  1:11  Nexus  
  18  1:14  Probe (Chrono Boost)  
  19  1:20  Assimilator  
  19  1:25  Probe (Chrono Boost)  
  20  1:32  Cybernetics Core  
  20  1:35  Probe (Chrono Boost)  
  21  1:42  Assimilator  
  21  1:46  Probe (Chrono Boost)  
  22  1:51  Pylon  
  22  1:57  Probe (Chrono Boost)  
  23  2:09  Probe (Chrono Boost)  
  23  2:10  Adept (Chrono Boost)  
  23  2:11  Warp Gate  
  26  2:21  Probe  
  27  2:26  Mothership Core  
  29  2:33  Probe  
  30  2:45  Probe x2  
  30  2:46  Stalker (Chrono Boost)  
  34  2:56  Probe  
  34  2:57  Probe  
  36  2:59  Pylon  
  36  3:06  Probe  
  36  3:08  Twilight Council  
  36  3:09  Probe  
  38  3:17  Stalker (Chrono Boost), Probe  
  41  3:21  Probe  
  42  3:27  Probe  
  42  3:33  Probe  
  44  3:34  Robotics Facility  
  44  3:36  Pylon  
  44  3:38  Probe  
  45  3:46  Blink (Chrono Boost), Probe  
  46  3:48  Probe  
  46  3:50  Gateway  
  46  3:52  Gateway  
  47  3:58  Probe  
  47  3:59  Probe  
  49  4:10  Probe x2  
  51  4:21  Observer (Chrono Boost)  
  51  4:22  Probe  
  53  4:24  Nexus  
  53  4:26  Pylon, Probe  
  54  4:31  Assimilator  
  54  4:32  Assimilator  
  54  4:34  Probe  
  55  4:39  Probe  
  55  4:40  Observer (Chrono Boost)  
  57  4:46  Probe  
  55  4:56  Stalker x2  
  55  4:57  Stalker  
  61  5:04  Probe  
  62  5:08  Probe  
  62  5:16  Probe  
  62  5:20  Probe  
  63  5:28  Probe  
  63  5:32  Gateway, Probe  
  63  5:33  Forge, Gateway  
  63  5:34  Gateway  
  63  5:35  Probe  
  64  5:36  Forge  
  64  5:39  Pylon  
  64  5:40  Probe  
  64  5:41  Pylon  
  66  5:44  Probe  
  66  5:45  Observer (Chrono Boost)  
  68  5:53  Probe x2  
  68  5:56  Probe  
  71  5:59  Pylon  
  71  6:04  Immortal (Chrono Boost), Probe  
  75  6:05  Probe  
  75  6:06  Adept  
  75  6:08  Probe  
  75  6:10  Protoss Ground Armor Level 1  
  80  6:17  Probe  
  80  6:18  Adept x2  
  85  6:26  Protoss Ground Weapons Level 1, Pylon  
  85  6:30  Adept  
  87  6:35  Sentry  
  87  6:36  Adept  
  87  6:39  Adept  
  93  6:40  Zealot x2  
  93  6:54  Probe  
  93  6:55  Probe x2  
  93  6:57  Assimilator  
  93  6:59  Assimilator  
  93  7:00  Pylon  
  96  7:02  Adept x3  
  96  7:04  Immortal (Chrono Boost)  
  96  7:07  Probe  
  107  7:09  Pylon  
  95  7:18  Stalker  
  95  7:19  Stalker x2  
  99  7:24  Adept  
  101  7:32  Resonating Glaives  
  101  7:33  Pylon  
  99  7:38  Adept  
  99  7:39  Stalker  
  103  7:44  Gateway  
  103  7:46  Gateway  
  103  7:48  Gateway  
  103  7:50  Gateway  
  97  7:56  Adept  
  86  8:02  Adept x3  
  86  8:14  Adept x2  
  86  8:27  Immortal (Chrono Boost)  
  86  8:29  Pylon  
  86  8:30  Stalker x4  
  94  8:40  Adept x2  
  98  8:48  Adept x2, Pylon  
  100  8:54  Stalker  
  100  8:55  Stalker x4  
  110  8:57  Adept  
  110  9:01  Immortal (Chrono Boost)  
  118  9:07  Zealot x2  
  122  9:11  Adept x2  
  116  9:46  Adept x5  
  116  9:47  Adept x3  
Show
View Real Time Build Order
Export as new Build Order

Jombozeus Terran 

Build Orders: MMM Bio 

Get SALT Encoding   

  12  0:01  SCV  
  13  0:13  SCV  
  14  0:18  Supply Depot  
  14  0:25  SCV  
  15  0:39  SCV  
  15  0:40  Barracks  
  16  0:44  Refinery  
  16  0:51  SCV  
  17  1:03  SCV  
  18  1:15  SCV  
  19  1:31  Orbital Command  
  19  1:46  Command Center  
  19  1:52  Barracks  
  19  1:55  Barracks Reactor  
  19  1:58  SCV  
  20  2:11  Refinery, SCV  
  21  2:18  Factory  
  21  2:26  Supply Depot  
  21  2:27  SCV  
  22  2:39  SCV  
  22  2:40  Barracks Tech Lab  
  23  2:47  Marine x2  
  23  2:49  Refinery  
  25  2:51  SCV  
  26  2:58  Orbital Command  
  26  3:03  Starport  
  26  3:05  Marine  
  27  3:11  Stimpack  
  27  3:14  SCV  
  28  3:20  Widow Mine  
  28  3:21  Marine  
  28  3:22  Marine  
  28  3:25  SCV  
  33  3:28  Marine  
  33  3:31  SCV  
  35  3:34  Refinery  
  35  3:37  SCV  
  35  3:40  Medivac  
  38  3:44  SCV  
  38  3:47  Marine  
  40  3:49  SCV  
  40  3:50  Widow Mine  
  43  3:56  SCV  
  43  3:57  Supply Depot  
  43  4:00  Marine  
  43  4:02  SCV  
  46  4:04  Barracks  
  46  4:19  Medivac, SCV  
  49  4:24  Marine x2  
  49  4:25  Marine  
  49  4:26  Factory Reactor  
  49  4:30  SCV  
  53  4:33  Supply Depot x2  
  53  4:36  SCV  
  54  4:44  Bunker  
  54  4:53  SCV  
  54  4:54  Marine x2  
  54  4:57  SCV  
  57  5:00  Barracks Tech Lab, Barracks  
  57  5:05  SCV  
  58  5:09  SCV  
  58  5:12  Combat Shields  
  57  5:17  SCV  
  57  5:21  Marine x2, SCV  
  52  5:22  Marauder x2  
  52  5:23  Engineering Bay, Medivac  
  60  5:28  Medivac  
  60  5:29  Factory Reactor  
  60  5:30  Concussive Shells  
  60  5:32  SCV  
  63  5:39  SCV  
  63  5:42  Supply Depot  
  64  5:43  Marine  
  64  5:44  Marine, Marauder  
  64  5:45  Marauder  
  64  5:47  Liberator  
  70  5:52  Barracks Tech Lab  
  70  5:54  Terran Infantry Weapons Level 1  
  70  5:57  Barracks  
  70  6:04  Marine, SCV x2  
  76  6:05  Marauder  
  76  6:06  Supply Depot  
  76  6:09  Liberator  
  78  6:25  Supply Depot  
  78  6:26  Marauder x2, SCV  
  78  6:27  Widow Mine x2  
  78  6:28  Marine x2, Marauder  
  94  6:38  Liberator  
  94  6:46  SCV  
  95  6:47  SCV  
  95  6:52  Liberator  
  92  7:00  Marine x2, Marauder  
  100  7:01  SCV  
  100  7:02  Supply Depot, Refinery  
  100  7:04  Supply Depot  
  99  7:14  Command Center  
  91  7:21  Liberator  
  89  7:27  Marine x2, Marauder x2  
  95  7:34  Marine  
  95  7:35  Marauder  
  100  7:44  Widow Mine x2  
  100  7:45  Marine x2  
  100  7:48  Marine  
  100  7:49  Supply Depot x2, Terran Infantry Armor Level 1, Marauder  
  103  7:52  Marine  
  103  7:56  Marauder  
  101  8:05  Medivac  
  102  8:11  Marine x2  
  102  8:12  Marauder  
  91  8:20  Marine, Marauder  
  91  8:26  Barracks Reactor  
  92  8:28  Widow Mine x2  
  92  8:29  Marine  
  92  8:31  Medivac  
  92  8:33  Barracks  
  99  8:34  Barracks  
  99  8:37  Orbital Command  
  99  8:40  Refinery, SCV x2  
  101  8:45  Starport  
  101  8:49  Marine, Medivac  
  101  8:50  Marine  
  101  8:54  Refinery  
  105  8:56  SCV x2  
  105  8:58  Marine  
  108  9:08  SCV  
  82  9:24  Marine  
  82  9:25  Marauder x2  
  82  9:28  Marine x3  
  82  9:29  Marauder  
  82  9:30  Barracks Tech Lab x2, Widow Mine x2  
  92  9:42  Marine  
Tags
 
Add a new tag
Caveats
  • Supply blocks, unpowered buildings, or Contaminate may cause inaccurate times.
  • Supply counts are checked every 10 seconds.